 Dungeon Crawl Stone Soup version 0.31-a0-246-g8cbcc1cb85 (webtiles) character file.

Game seed: 13192333569864831477

60 cforsyth the Changeling (level 4, 0/44 HPs)
             Began as an Ogre Shapeshifter on July 12, 2023.
             Slain by an orc
             ... wielding a +0 trident
              (8 damage)
             ... on level 1 of the Dungeon.
             The game lasted 00:01:35 (1530 turns).

cforsyth the Changeling (Ogre Shapeshifter)         Turns: 1530, Time: 00:01:36

Health: 0/44       AC:  3    Str: 21    XL:     4   Next: 4%
Magic:  4/4        EV:  9    Int:  9    God:
Gold:   188        SH:  0    Dex:  9    Spells: 3/3 levels left

rFire   . .          .
                       - Unarmed
rCold   . . .        (no shield)
rNeg    . . .        a - +0 animal skin
rPois   .            (helmet currently unavailable)
rElec   .            (cloak currently unavailable)
rCorr   .            (gloves unavailable)
SInv    .            (boots unavailable)
Will    +....        (no amulet)
Stlth   +            (no ring)
HPRegen 0.27/turn    (no ring)
MPRegen 0.09/turn

%: no passive effects
@: beast-form, enlightened, flying
A: beast (slay +2), large, unfitting armour, tough skin 1
a: no special abilities


You were on level 1 of the Dungeon.
You were a hulking beast.
You visited 1 branch of the dungeon, and saw 2 of its levels.

You collected 188 gold pieces.

Inventory:

Armour
 a - a +0 animal skin (worn)
Talismans
 c - a beast talisman
Scrolls
 e - 2 scrolls of identify {unknown}
Potions
 b - a potion of lignification
 d - a potion of curing


   Skills:
 - Level 2.6 Fighting
 - Level 1.7 Dodging
 + Level 2.9 Unarmed Combat
 + Level 3.7 Shapeshifting


You had 3 spell levels left.
You didn't know any spells.
Your spell library was empty.

Dungeon Overview and Level Annotations

Branches:
Dungeon (2/15)

Altars:
Sif Muna


Innate Abilities, Weirdness & Mutations

You are a hulking beast.
Your limbs bulge with bestial killing power. (Slay +2)
You are too large for most types of armour.
You have tough skin. (AC +1)


Message History

The orc wizard hits you but does no damage.
The orc hits you with a +0 trident!
You hit the orc wizard but do no damage.
The orc wizard is moderately wounded.
The orc wizard hits you with a +0 dagger.
The orc hits you with a +0 trident.
You are too injured to fight recklessly!
You are too injured to fight recklessly!
You are too injured to fight recklessly!
You are too injured to fight recklessly!
You are too injured to fight recklessly!
You are too injured to fight recklessly!
You are too injured to fight recklessly!
You are too injured to fight recklessly!
You are too injured to fight recklessly!
You completely miss the orc wizard.
The orc wizard is moderately wounded.
The orc wizard closely misses you. The orc hits you with a +0 trident!
* * * LOW HITPOINT WARNING * * *
You punch the orc wizard!
The orc wizard is severely wounded.
The orc wizard casts a spell at you. The magic dart hits you.
* * * LOW HITPOINT WARNING * * *
The orc hits you with a +0 trident!
* * * LOW HITPOINT WARNING * * *
You barely miss the orc wizard.
The orc wizard is severely wounded.
The orc wizard casts a spell.
The orc wizard flickers and vanishes!
Deactivating autopickup; reactivate with Ctrl-A.
The orc closely misses you.
It was a potion of curing.
You feel better. Something hits you.
* * * LOW HITPOINT WARNING * * *
The orc hits you but does no damage.
It was a potion of enlightenment.
You feel very buoyant.
You fly up into the air.
Something hits you but does no damage. The orc hits you with a +0 trident!
You die...

...#.....#.# #....'...........#
...#..####.# #.#.##...........#
...#.......## #.#.......#'#+####
.#.#........# #.....##....#.#
.#.#.#......# #...#.#..)..#.#
##.#.#......####...#.#.....#.####
...................#.###........#
#..(.......>...{.#.#.#..........#
#............##oh#.#.#..........#
#..................#.#####'#'####
#######.....####...#.......#.#
#............#########.####
####.##.##.....)....##.....
#.#......#.'''''.#..#..#
#.######.#.'''''.#.##.##
#........#.''_''..)#..#.
##########.'''''...#.).[


You could see an orc.

Vanquished Creatures
  2 adders (D:2)
  2 worms (D:2)
  2 dart slugs
  2 bats
  An endoplasm (D:1)
  4 goblins
  4 hobgoblins
  6 kobolds
  3 quokkas
  A ball python (D:2)
  2 frilled lizards (D:1)
  A rat (D:1)
30 creatures vanquished.

Notes
Turn   | Place    | Note
-------+----------+-------------------------------------------
     0 | D:1      | cforsyth the Ogre Shapeshifter began the quest for the Orb.
     0 | D:1      | Reached XP level 1. HP: 22/22 MP: 1/1
   163 | D:1      | Reached XP level 2. HP: 28/29 MP: 2/2
   370 | D:1      | Found a faded altar of an unknown god.
   920 | D:2      | Reached XP level 3. HP: 34/36 MP: 3/3
   930 | D:2      | Found a shimmering blue altar of Sif Muna.
  1307 | D:2      | Reached XP level 4. HP: 34/44 MP: 4/4
  1527 | D:1      | HP: 2/44 [orc/+0 trident (8)]
  1530 | D:1      | Slain by an orc

Illustrated notes

Levels and vault maps discovered:
D:1:      dpeg_arrival_central, layout_basic,
          hellmonk_ecumenical_altar_heavens_door, hangedman_decor_growths,
          amcnicky_mini_rare_corridor_liquid, minmay_close_crescents
D:2:      layout_basic, basic_altar, minmay_quadrilaterals

Skill      XL: |  1 |
---------------+----+-----
Unarmed Combat | 2 |  2.9
Fighting       | |  2.6
Dodging        | |  1.7
Shapeshifting  | |  3.7

Action                     |  1- 3 |  4- 6 || total
---------------------------+-------+-------++-------
  Melee: Unarmed           |    74 |     7 ||    81
         Punch             |     3 |       ||     3
    Use: Potion            |       |     2 ||     2
 Armour: Animal skin       |    11 |     4 ||    15
  Dodge: Dodged            |    24 |     5 ||    29

Table legend: (Time is in decaauts)
 A = Elapsed time spent in this place.
 B = Non-inter-level travel time spent in this place.
 C = Inter-level travel time spent in this place.
 D = Time resting spent in this place.
 E = Time spent auto-exploring this place.
 F = Levels seen in this place.
 G = Mean time per level.
                   A        B        C        D        E       F      G
               +--------+--------+--------+--------+--------+-----+--------+
         Total |   1527 |   1487 |     40 |    104 |   1195 |   2 |  763.5 |
       Dungeon |   1527 |   1487 |     40 |    104 |   1195 |   2 |  763.5 |
               +--------+--------+--------+--------+--------+-----+--------+

Top non-repeatable levels by time:
     D:1: 957 daAuts
     D:2: 570 daAuts
